Map: Deathaura LE

Players

Arctur - Winner!

  • Race: Terran Terran
  • Spawn Location: 11:00

soul

  • Race: Terran Terran
  • League: Master
  • Spawn Location: 5:00

Event: DreamHack SC2 Masters 2020 Winter

VOD

Have the link to the VOD?

Description

Time

  • Played on: Oct. 14, 2020, 1:24 p.m.
  • Length: 9:58

All games in this series

Show
View Real Time Build Order
Export as new Build Order

Arctur Terran - Winner!

Build Orders:  

Get SALT Encoding   

  12  0:00  SCV  
  13  0:12  SCV  
  14  0:17  Supply Depot  
  14  0:24  SCV  
  14  0:27  Refinery  
  15  0:38  SCV  
  16  0:44  Barracks  
  16  0:50  SCV  
  16  0:54  Refinery  
  17  1:02  SCV  
  18  1:14  SCV  
  19  1:31  Orbital Command, Reaper  
  20  1:36  Factory  
  20  1:43  Supply Depot  
  20  1:57  SCV  
  21  2:03  Reaper  
  22  2:09  SCV  
  22  2:19  Hellion  
  22  2:21  SCV  
  25  2:28  Command Center  
  25  2:33  SCV  
  26  2:39  Barracks Reactor  
  26  2:42  Starport  
  26  2:45  SCV  
  26  2:47  Factory Tech Lab  
  27  2:53  Supply Depot  
  27  2:57  SCV  
  28  3:09  SCV  
  29  3:14  Cyclone  
  29  3:15  Marine  
  29  3:16  Marine  
  34  3:22  SCV  
  35  3:30  Medivac  
  35  3:31  Refinery  
  35  3:33  Marine  
  35  3:34  SCV  
  39  3:39  Marine  
  39  3:41  Orbital Command  
  40  3:46  SCV  
  40  3:47  Widow Mine  
  43  3:51  Marine  
  44  3:57  Marine  
  44  3:58  SCV  
  46  4:06  SCV  
  46  4:09  Supply Depot  
  47  4:10  SCV  
  48  4:18  SCV  
  48  4:20  Factory Tech Lab  
  48  4:21  Raven, Marine  
  48  4:22  Marine, SCV  
  54  4:31  SCV, Supply Depot  
  55  4:34  SCV  
  56  4:43  SCV  
  57  4:47  SCV  
  57  4:49  Marine x2  
  57  4:50  Siege Tank  
  59  4:55  SCV  
  59  4:59  Supply Depot, SCV  
  61  5:04  Raven  
  63  5:07  SCV, Marine x2  
  63  5:10  Command Center  
  66  5:17  SCV  
  66  5:19  SCV  
  68  5:22  Siege Tank  
  68  5:25  Marine x2  
  68  5:27  Supply Depot  
  73  5:30  SCV, Refinery  
  73  5:31  SCV  
  75  5:42  SCV  
  76  5:43  SCV  
  76  5:49  Barracks x2  
  77  5:53  Viking  
  77  5:54  SCV, Siege Tank  
  77  5:55  Viking  
  85  5:59  Stimpack  
  85  6:03  SCV  
  85  6:06  SCV  
  85  6:08  Marine  
  86  6:22  SCV  
  86  6:24  SCV  
  86  6:30  Viking  
  86  6:33  Viking  
  86  6:34  SCV  
  86  6:36  SCV  
  86  6:37  Siege Tank  
  86  6:38  Orbital Command  
  89  6:43  Barracks Reactor  
  89  6:44  Barracks Reactor  
  89  6:46  SCV  
  89  6:48  SCV  
  90  6:57  Marine  
  90  6:58  SCV  
  90  7:00  SCV, Engineering Bay  
  90  7:01  Engineering Bay  
  93  7:03  SCV  
  93  7:05  Viking  
  96  7:09  Viking  
  96  7:11  SCV  
  96  7:12  SCV  
  100  7:16  SCV  
  100  7:17  Supply Depot  
  101  7:23  SCV  
  101  7:25  SCV  
  101  7:28  SCV  
  104  7:35  SCV, Marine x2  
  104  7:36  Marine x2  
  109  7:39  SCV, Terran Infantry Armor Level 1, Terran Infantry Weapons Level 1, Supply Depot  
  109  7:40  Supply Depot  
  109  7:41  SCV, Siege Tank  
  114  7:50  Supply Depot, SCV  
  114  7:51  SCV, Refinery x2, Supply Depot  
  115  7:54  SCV  
  117  8:02  Marine x2, SCV  
  117  8:05  Medivac x2  
  121  8:13  Siege Tank  
  121  8:15  Marine x2  
  121  8:16  Marine  
  121  8:19  Marine  
  114  8:20  Marine  
  114  8:24  SCV x2  
  114  8:25  SCV  
  117  8:29  Barracks x2  
  117  8:31  Armory  
  117  8:33  Marine  
  118  8:39  Marine x4  
  118  8:40  Medivac x2  
  126  8:45  Siege Tank  
  123  8:50  SCV  
  123  8:51  Marine  
  123  8:53  Sensor Tower  
  125  8:57  Marine x4  
  125  9:01  Supply Depot  
  127  9:05  Missile Turret  
  127  9:09  Marine  
  116  9:10  Medivac x2  
  116  9:15  Marine x2  
  116  9:16  Marine  
  122  9:17  Marine, Siege Tank  
  122  9:19  Barracks Reactor  
  122  9:20  Barracks Reactor  
  125  9:27  Marine  
  125  9:31  Factory  
  126  9:33  Marine x2  
  126  9:34  Marine  
  126  9:35  Marine  
  130  9:39  Sensor Tower  
  130  9:44  Command Center  
Show
View Real Time Build Order
Export as new Build Order

soul Terran 

Build Orders:  

Get SALT Encoding   

  12  0:00  SCV  
  13  0:12  SCV  
  14  0:16  Supply Depot  
  14  0:24  SCV  
  15  0:38  SCV  
  15  0:39  Barracks  
  16  0:44  Refinery  
  16  0:50  SCV  
  16  0:56  Refinery  
  17  1:02  SCV  
  18  1:14  SCV  
  19  1:26  Reaper  
  19  1:27  Orbital Command  
  19  1:28  Supply Depot  
  20  1:44  Factory  
  20  1:52  SCV  
  21  1:58  Reaper  
  22  2:04  SCV  
  23  2:16  SCV  
  24  2:23  Command Center  
  24  2:30  Hellion  
  24  2:32  Barracks Reactor  
  24  2:35  SCV  
  27  2:42  Supply Depot  
  27  2:47  SCV  
  28  2:52  Hellion  
  30  3:00  Starport  
  30  3:01  SCV  
  31  3:09  Marine x2  
  33  3:13  SCV  
  33  3:14  Factory Tech Lab  
  34  3:25  SCV  
  35  3:27  Marine  
  37  3:36  Cyclone  
  37  3:37  SCV, Starport Tech Lab  
  37  3:40  Orbital Command  
  40  3:46  Marine, Refinery  
  40  3:47  Marine  
  42  3:49  SCV  
  43  3:59  Raven  
  43  4:02  SCV  
  46  4:04  Marine  
  46  4:05  Supply Depot, SCV  
  46  4:06  Marine  
  49  4:14  Siege Tank, SCV  
  53  4:19  SCV  
  53  4:24  Supply Depot  
  54  4:27  SCV  
  54  4:31  SCV  
  56  4:39  SCV  
  56  4:40  Marine  
  58  4:46  Siege Tank  
  58  4:47  SCV  
  58  4:50  Raven  
  62  4:54  Marine, Command Center  
  62  4:56  SCV  
  64  5:02  SCV  
  64  5:04  Marine, Supply Depot x2  
  66  5:08  SCV  
  67  5:15  SCV  
  67  5:20  SCV  
  69  5:25  Siege Tank  
  69  5:27  SCV, Supply Depot  
  73  5:32  SCV  
  74  5:37  Barracks  
  74  5:38  Barracks  
  74  5:39  SCV  
  75  5:44  SCV  
  76  5:51  SCV, Engineering Bay x2  
  76  5:52  Refinery  
  76  5:57  SCV, Viking, Stimpack  
  78  5:58  Viking  
  78  6:01  Marine  
  78  6:03  SCV  
  84  6:04  Siege Tank  
  87  6:13  SCV  
  87  6:18  Orbital Command  
  87  6:21  Marine, Terran Infantry Armor Level 1, Terran Infantry Weapons Level 1, SCV  
  89  6:25  SCV  
  89  6:26  Barracks Reactor x2  
  89  6:33  SCV  
  89  6:37  SCV  
  89  6:38  Siege Tank  
  89  6:39  Marine  
  93  6:45  Orbital Command  
  94  6:50  Barracks  
  94  6:51  Viking, Barracks  
  96  6:55  SCV x2  
  96  7:00  Marine  
  98  7:07  SCV x2  
  100  7:11  Siege Tank  
  100  7:13  Marine  
  100  7:14  Supply Depot  
  100  7:15  SCV  
  105  7:18  Marine  
  105  7:19  Supply Depot x2, SCV x2  
  105  7:22  Supply Depot  
  108  7:24  Missile Turret  
  108  7:29  Marine  
  109  7:35  SCV x2, Refinery x2, Viking x2, Sensor Tower  
  114  7:39  Barracks Reactor  
  114  7:43  Combat Shield  
  114  7:44  Supply Depot, Marine  
  114  7:45  Supply Depot  
  114  7:46  Marine x2  
  114  7:49  Marine  
  115  7:55  Marine  
  115  7:57  Barracks Reactor  
  115  8:02  Marine  
  115  8:04  Marine x2  
  115  8:05  Viking x2  
  118  8:07  Marine  
  112  8:13  Marine  
  112  8:15  Siege Tank  
  112  8:17  Marine  
  112  8:18  Marine  
  91  8:20  Marine  
  91  8:21  Marine x2  
  91  8:25  Marine  
  93  8:32  Orbital Command  
  93  8:34  Marine  
  93  8:35  Medivac, Viking  
  93  8:37  Armory, Marine  
  93  8:38  Marine  
  93  8:39  Marine  
  99  8:42  Marine  
  99  8:45  Marine x2  
  99  8:48  Marine  
  100  8:49  Marine  
  100  8:53  Marine  
  100  8:55  Marine  
  100  8:56  Marine  
  100  8:57  Marine  
  100  9:01  Marine  
  100  9:03  Marine  
  100  9:04  Marine  
  100  9:06  Medivac  
  100  9:07  Marine x2  
  100  9:09  Orbital Command  
  83  9:11  Marine  
  83  9:13  Marine  
  83  9:14  Marine  
  83  9:15  Marine  
  84  9:19  Marine  
  84  9:22  Marine  
  82  9:25  Marine  
  84  9:37  Marine  
  83  9:39  Marine  
Tags
 
Add a new tag
Caveats
  • Supply blocks, unpowered buildings, or Contaminate may cause inaccurate times.
  • Supply counts are checked every 10 seconds.